 Dungeon Crawl Stone Soup version 0.30.1-11-g7821555f0a (webtiles) character file.

Game seed: 9888401555620282590

231 Peloso the Slasher (level 5, -3/47 HPs)
             Began as a Minotaur Fighter on Nov 28, 2023.
             Slain by a river rat (8 damage)
             ... in a sewer.
             The game lasted 00:04:25 (2256 turns).

Peloso the Slasher (Minotaur Fighter)               Turns: 2256, Time: 00:04:26

Health: -3/47      AC:  7    Str: 20    XL:     5   Next: 73%
Magic:  4/4        EV: 10    Int:  5    God:
Gold:   126        SH:  5    Dex: 12    Spells: 4/4 levels left

rFire   + . .        a - +0 long sword
rCold   . . .        c - +0 buckler
rNeg    . . .        b - +0 scale mail
rPois   .            (helmet restricted)
rElec   .            (no cloak)
rCorr   .            (no gloves)
SInv    .            (no boots)
Will    .....        (no amulet) Stlth
                     o - ring of flight
HPRegen 0.27/turn    q - ring of protection from fire
MPRegen 0.09/turn

%: no passive effects
@: flying
A: horns 2, retaliatory headbutt
a: no special abilities


You were in a sewer.
You visited 1 branch of the dungeon, and saw 3 of its levels.
You also visited: Sewer.

You collected 126 gold pieces.

Inventory:

Hand Weapons
 a - a +0 long sword (weapon)
Missiles
 g - a throwing net (quivered)
Armour
 b - a +0 scale mail (worn)
 c - a +0 buckler (worn)
Jewellery
 o - a ring of flight (left hand)
 q - a ring of protection from fire (right hand)
Scrolls
 e - 2 scrolls of poison {unknown}
 f - a scroll of identify {unknown}
 h - 2 scrolls of immolation {unknown}
 i - a scroll of blinking {unknown}
 j - a scroll of fear {unknown}
 k - a scroll of vulnerability {unknown}
 l - 2 scrolls of enchant weapon {unknown}
 m - a scroll of amnesia {unknown}
Potions
 d - a potion of might
 n - a potion of brilliance {unknown}
 p - a potion of curing
 r - a potion of resistance {unknown}
 s - a potion of magic {unknown}
 t - a potion of mutation


   Skills:
 + Level 4.4 Fighting
 + Level 5.0 Long Blades
 + Level 4.9 Armour
 + Level 1.8 Dodging
 + Level 4.2 Shields


You had 4 spell levels left.
You didn't know any spells.
Your spell library contained the following spells:

 Spells                   Type           Power      Damage    Failure   Level
 Dazzling Flash           Conj/Hex       0%         N/A       99%         3
 Agony                    Necr           0%         N/A       100%        5
 Fireball                 Conj/Fire      0%         3d3       100%        5
 Iskenderun's Battlesphe  Conj           0%         2d6       100%        5
 Silence                  Hex/Air        0%         N/A       100%        5
 Conjure Ball Lightning   Conj/Air       0%         3x3d6     100%        6
 Orb of Destruction       Conj           0%         9d5       100%        7


Dungeon Overview and Level Annotations

Branches:
Dungeon (3/15)              Sewer (1/1)

Altars:

Annotations:
D:3 2 transporters


Innate Abilities, Weirdness & Mutations

You have a pair of horns on your head.
You reflexively headbutt those who attack you in melee.


Message History

The river rat bites you but does no damage. x2
You barely miss the river rat. You headbutt the river rat.
The river rat is moderately wounded.
The river rat bites you. The river rat bites you!
You block the river rat's attack.
You barely miss the river rat.
The river rat is moderately wounded.
The river rat bites you! The river rat bites you.
* * * LOW HITPOINT WARNING * * *
The river rat bites you but does no damage. x2
The river rat closely misses you. You block the river rat's attack.
You closely miss the river rat.
The river rat is moderately wounded.
The river rat bites you but does no damage. x3
You hit the river rat.
The river rat is heavily wounded.
The river rat bites you.
* * * LOW HITPOINT WARNING * * *
You block the river rat's attack. The river rat barely misses you.
Unknown command.
The river rat attacks as you move away! You block the river rat's attack.
The river rat bites you.
* * * LOW HITPOINT WARNING * * *
The river rat twitches its whiskers.
The river rat attacks as you move away! The river rat closely misses you.
You hit the river rat.
The river rat is lightly wounded.
The river rat barely misses you.
Unknown command.
You closely miss the river rat. Your headbutt misses the river rat.
The river rat is heavily wounded.
The river rat barely misses you.
Unknown command.
You hit the river rat. You headbutt the river rat.
You kill the river rat!
The river rat bites you!
* * * LOW HITPOINT WARNING * * *
The river rat barely misses you. The river rat closely misses you.
The river rat bites you!
You die...

#≈≈~# #~≈~# #..# #≈≈~#
###..### #≈≈~#
#.#..#.# #≈≈~#
#.'..'.# #≈≈~#
#.††.'.# #≈≈.#
#.#..#.# #≈≈~# ###..#
# #≈≈~# #.r# #≈≈~#
###r@### #≈≈~#
#!#..#.# #≈≈~#
#~≈.##.'..'.# #≈≈.#
#~≈.##.'..'.# #≈≈~#
#~≈~##.#..#.# #≈≈.#
#.≈~####~.### #≈≈~#
#~≈~# #~~# #≈≈~# #~≈~#
#~~#
#≈≈~###~≈~####~~####~≈


You could see 2 river rats.

Vanquished Creatures
  2 jellies (D:2)
  7 adders
  3 river rats
  4 worms
  2 dart slugs
  3 ball pythons
  13 endoplasms
  3 giant cockroaches
  A goblin (D:1)
  4 hobgoblins
  2 jackals (D:1)
  4 quokkas
  6 bats
  9 frilled lizards
  13 kobolds
  4 rats
  A spectral hobgoblin (D:1)
81 creatures vanquished.

Notes
Turn   | Place    | Note
-------+----------+-------------------------------------------
     0 | D:1      | Peloso the Minotaur Fighter began the quest for the Orb.
     0 | D:1      | Reached XP level 1. HP: 19/19 MP: 0/0
    85 | D:1      | Reached XP level 2. HP: 20/27 MP: 1/1
   351 | D:1      | Found a faded altar of an unknown god.
   774 | D:2      | Reached XP level 3. HP: 27/33 MP: 2/2
   893 | D:2      | Reached skill level 3 in Long Blades
   988 | D:2      | Reached skill level 1 in Dodging
   988 | D:2      | Reached XP level 4. HP: 16/40 MP: 3/3
  1620 | D:2      | Reached skill level 4 in Long Blades
  1620 | D:2      | Reached XP level 5. HP: 38/46 MP: 4/4
  1857 | D:3      | Found a transporter.
  1869 | D:3      | Found a transporter.
  2020 | D:3      | Found a glowing drain.
  2025 | Sewer    | Entered a sewer
  2208 | Sewer    | Reached skill level 5 in Long Blades
  2256 | Sewer    | Slain by a river rat

Illustrated notes

Levels and vault maps discovered:
D:1:      lightli_arrival_flooded_house, layout_loops_cross,
          dreamdust_ecumenical_altar_drowned_temple, dreamdust_princess_corridor
D:2:      cheibrodos_fertilizer, layout_basic, st_stairs_13,
          amcnicky_mini_pool_small
D:3:      gammafunk_wand_slinger, layout_loops_cross,
          nicolae_overflow_hidden_temple, lightli_sewer_entry_pipes,
          uniq_crazy_yiuf_cottage
Sewer:    sewer_fruit_machine

Skill      XL: |  1  2  3  4  5 |
---------------+----------------+-----
Shields        | 4 |  4.2
Armour         | 4 |  4.9
Long Blades    | 3 4 5 |  5.0
Fighting       | 4 |  4.4
Dodging        | 1 |  1.8

Action                     |  1- 3 |  4- 6 || total
---------------------------+-------+-------++-------
  Melee: Long sword        |    88 |   100 ||   188
         Headbutt          |    11 |    13 ||    24
    Use: Potion            |     2 |       ||     2
 Armour: Scale mail        |    40 |    42 ||    82
  Dodge: Dodged            |    42 |    49 ||    91
  Block: Buckler           |    13 |    20 ||    33
